 Dungeon Crawl Stone Soup version 0.26-a0-1145-gf5f8a83f67 (webtiles) character file.

Game seed: 1769113312385469860

171974 Froggeryz the Nimble (level 18, -7/142 HPs)
             Began as a Gnoll Gladiator on Dec 22, 2020.
             Was the Champion of Okawaru.
             Mangled by a boulder beetle (44 damage)
             ... on level 2 of the Spider Nest.
             The game lasted 01:10:44 (36966 turns).

Froggeryz the Nimble (Gnoll Gladiator)             Turns: 36966, Time: 01:10:45

Health: -7/142     AC: 20    Str: 26    XL:     18   Next: 2%
Magic:  33/33      EV: 23    Int: 12    God:    Okawaru [******]
Gold:   917        SH:  0    Dex: 21    Spells: 38/40 levels left

rFire    + . .     SeeInvis +   q - +2 lajatang (vamp)
rCold    + + +     Faith    .   (shield currently unavailable)
rNeg     . . .     Spirit   .   C - +2 chain mail {rC+}
rPois    .         Reflect  .   U - +0 hat "Ojud" {rC++ SInv}
rElec    .         Harm     .   d - +1 cloak of Starlight {*Dazzle EV+4 Stlth--}
rCorr    .         Rampage  .   y - +1 pair of gloves {Str+3}
Will     +....                  p - +0 pair of boots
Stlth    +.........             S - amulet of regeneration
HPRegen  0.73/turn              a - +4 ring of slaying
MPRegen  0.23/turn              G - ring of Temptation {rF+ Dex+4 Stlth+}

@: lethally poisoned (-7 -> -29)
A: distributed training, fangs 1, strong nose
a: Renounce Religion, Heroism, Finesse


You were on level 2 of the Spider Nest.
You worshipped Okawaru.
Okawaru was exalted by your worship.
You visited 4 branches of the dungeon, and saw 25 of its levels.
You also visited: Ice Cave.

You collected 3188 gold pieces.
You spent 2271 gold pieces at shops.

Inventory:

Hand Weapons
 i - the +6 morningstar of Cikhage {speed, *Rage rF+ rN+ Int+2}
   (You bought it in a shop on level 2 of the Orcish Mines)

   Attacks with this weapon are significantly faster.
   It affects your intelligence (+2).
   It protects you from fire.
   It protects you from negative energy.
   It may make you go berserk in combat.
 q - a +2 vampiric lajatang (weapon)
 P - the +6 lajatang of Sippe {speed, rF+ Will+ Dex+4 Stlth-}
   (You found it on level 12 of the Dungeon)

   Attacks with this weapon are significantly faster.
   It affects your dexterity (+4).
   It protects you from fire.
   It affects your willpower, your defense against some magical effects.
   It makes you less stealthy.
 Q - the +5 demon trident "Starlight" {distort, +Fly Will+}
   (You took it off a spriggan rider on level 2 of the Lair of Beasts)

   It warps and distorts space around it.
   Unwielding it can cause banishment or high damage.
   It affects your willpower, your defense against some magical effects.
   It lets you fly.
 X - a +3 morningstar of freezing
Missiles
 H - 11 curare-tipped darts
 M - 10 javelins
 O - 9 silver javelins (quivered)
Armour
 d - the +1 cloak of Starlight (worn) {*Dazzle EV+4 Stlth--}
   (You bought it in a shop on level 2 of the Orcish Mines)

   It affects your evasion (+4).
   It makes you much less stealthy.
 m - a +2 buckler of positive energy
 p - a +0 pair of boots (worn)
 y - a +1 pair of gloves of strength (worn)
 C - a +2 chain mail of cold resistance (worn)
 U - the +0 hat "Ojud" (worn) {rC++ SInv}
   (Okawaru gifted it to you on level 6 of the Lair of Beasts)

   It greatly protects you from cold.
   It lets you see invisible.
 V - a +2 kite shield of protection
 Z - a +1 pair of gloves of archery
Jewellery
 a - a +4 ring of slaying (left hand)
 t - an uncursed ring of protection from fire
 w - an uncursed ring of resist corrosion
 G - the ring of Temptation (right hand) {rF+ Dex+4 Stlth+}
   (You found it in an ice cave)

   [ring of protection from fire]

   It affects your dexterity (+4).
   It protects you from fire.
   It makes you more stealthy.
 I - an uncursed ring of positive energy
 S - an amulet of regeneration (around neck)
 W - the ring of Tatemai {rC++ Will+ Str-4 Int+4}
   (You found it on level 9 of the Dungeon)

   [ring of willpower]

   It affects your strength (-4).
   It affects your intelligence (+4).
   It greatly protects you from cold.
   It affects your willpower, your defense against some magical effects.
Wands
 b - a wand of digging (8)
 c - a wand of enslavement (24)
 s - a wand of iceblast (16)
 v - a wand of disintegration (52)
 F - a wand of acid (6)
 R - a wand of paralysis (6)
 T - a wand of flame (67)
Scrolls
 e - 11 scrolls of remove curse
 f - 5 scrolls of enchant weapon
 g - a scroll of enchant armour
 j - 6 scrolls of fog
 u - a scroll of holy word
 x - 3 scrolls of magic mapping
 A - 2 scrolls of teleportation
 K - 5 scrolls of immolation
 Y - 3 scrolls of blinking
Potions
 l - 4 potions of heal wounds
 n - 2 potions of invisibility
 o - 2 potions of haste
 r - 10 potions of curing
 z - 2 potions of resistance
 B - 2 potions of berserk rage
 E - 4 potions of ambrosia
 J - 3 potions of flight
 L - 5 potions of mutation
 N - 6 potions of might


   Skills:
 + Level 12.6 Fighting
 + Level 11.9 Short Blades
 + Level 11.9 Long Blades
 + Level 11.9 Axes
 + Level 13.3 Maces & Flails
 + Level 11.9 Polearms
 + Level 11.9 Staves
 + Level 11.9 Slings
 + Level 11.9 Bows
 + Level 11.9 Crossbows
 + Level 12.6 Throwing
 + Level 11.9 Armour
 + Level 13.3 Dodging
 + Level 11.9 Stealth
 + Level 11.9 Shields
 + Level 11.9 Unarmed Combat
 + Level 11.9 Spellcasting
 + Level 10.1 Conjurations
 + Level 10.1 Hexes
 + Level 10.1 Summonings
 + Level 10.1 Necromancy
 + Level 10.1 Translocations
 + Level 10.1 Transmutations
 + Level 10.1 Fire Magic
 + Level 10.1 Ice Magic
 + Level 10.1 Air Magic
 + Level 10.1 Earth Magic
 + Level 10.1 Poison Magic
 + Level 12.8 Invocations
 + Level 11.9 Evocations


You had 38 spell levels left.
You knew the following spells:

 Your Spells              Type           Power        Failure   Level
a - Blink                 Tloc           N/A          1%          2

Your spell library contained the following spells:

 Spells                   Type           Power        Failure   Level
 Animate Skeleton         Necr           62%          1%          1
 Apportation              Tloc           62%          1%          1
 Beastly Appendage        Tmut           62%          1%          1
 Corona                   Hex            34%          1%          1
 Magic Dart               Conj           100%         1%          1
 Shock                    Conj/Air       100%         1%          1
 Sting                    Tmut/Pois      100%         1%          1
 Summon Small Mammal      Summ           100%         1%          1
 Call Imp                 Summ           31%          1%          2
 Ensorcelled Hibernation  Hex/Ice        62%          1%          2
 Poisonous Vapours        Pois/Air       62%          1%          2
 Searing Ray              Conj           62%          1%          2
 Slow                     Hex            31%          1%          2
 Swiftness                Air            31%          1%          2
 Wereblood                Tmut           31%          1%          2
 Confusing Touch          Hex            31%          1%          3
 Conjure Flame            Conj/Fire      31%          1%          3
 Dazzling Flash           Conj/Hex       62%          1%          3
 Ignite Poison            Fire/Tmut/Pois 31%          1%          3
 Mephitic Cloud           Conj/Pois/Air  31%          1%          3
 Spider Form              Tmut/Pois      15%          1%          3
 Static Discharge         Conj/Air       31%          1%          3
 Tukima's Dance           Hex            31%          1%          3
 Airstrike                Air            15%          6%          4
 Animate Dead             Necr           15%          6%          4
 Fulminant Prism          Conj/Hex       15%          6%          4
 Ice Form                 Ice/Tmut       31%          6%          4
 Iskenderun's Mystic Bla  Conj/Tloc      31%          6%          4
 Olgreb's Toxic Radiance  Pois           31%          6%          4
 Blade Hands              Tmut           15%          19%         5
 Borgnjor's Vile Clutch   Necr/Erth      15%          19%         5
 Lightning Bolt           Conj/Air       15%          19%         5
 Metabolic Englaciation   Hex/Ice        15%          19%         5
 Death Channel            Necr           15%          69%         6
 Freezing Cloud           Conj/Ice/Air   15%          69%         6
 Ozocubu's Refrigeration  Ice            15%          69%         6
 Simulacrum               Ice/Necr       15%          69%         6


Dungeon Overview and Level Annotations

Branches:
Dungeon (15/15)            Temple (0/1) D:5            Lair (6/6) D:8
 Shoals (0/4) Lair:2       Spider (2/4) Lair:2        Slime (0/5) Lair:6
    Orc (2/2) D:10            Elf (0/3) Orc:2        Vaults (0/5) D:14
 Depths (0/5) D:15          IceCv (visited)

Altars:
Dithmenos
Elyvilon
Kikubaaqudgha
Makhleb
Okawaru
Qazlal
Trog
Uskayaw
Beogh

Shops:
D:7 *   D:10 =   D:13 }   D:15 ?   Orc:2 =*[(

Portals:
Abyss: Lair:2

Annotations:
Lair:2 exclusion: oklob plant
Spider:2 Arachne


Innate Abilities, Weirdness & Mutations

Your experience applies equally to all skills.
You have very sharp teeth.
Your uncanny sense of smell can sniff out nearby items.


Message History

* * * LOW HITPOINT WARNING * * *
The jumping spider bites you but does no damage.
You hear an angry hiss.
Blink to where?
Press: ? - help, Dir - move target
As you read the scroll of blinking, it crumbles to dust.
You feel sick.
Arachne the Weaver comes into view.
She is wielding a staff of poison.
The boulder beetle curls into a ball and begins rolling!
You see here an uncursed ring of flight.
You feel sick.
The jumping spider leaps!
You feel sick.
You slice the boulder beetle!!
You bite the boulder beetle, but do no damage.
The boulder beetle is almost dead.
The wolf spider closely misses you. The wolf spider bites you.
* * * LOW HITPOINT WARNING * * *
You are more poisoned.
The wolf spider poisons you! The boulder beetle hits you!!!
You die...

..... #..#..... ..#.. ###
##....>.. .....##.### ####.....#
#......# #.##.#.... #.#^....##
### ###......#.. #s†.#...###.#
#..........# #.†#.†..#.....##
###...#.....#.
#.#.s.........s.###.....<†.#....
#. .........○.○#@.#..#.##.#...#..
. ..#........s.B#......##...#....
..#...............(...###.......
.#.#..#..####..#.^#...#......#..#
...... ... #.............#.†#....
###......#...#†#†....^
#...#......#.^#^.#....
#..##$.....#.....##.(# ....
#.#....H>....( .#.


You could see a boulder beetle, a wolf spider and a redback.

Vanquished Creatures
  A tengu reaver (D:14)
  2 frost giants
  A ghost moth (Spider:1)
  2 orc warlords
  An emperor scorpion (Spider:1)
  An ironheart preserver (D:14)
  2 stone giants
  The ghost of rayg00n the Zephyrmancer, a journeyman TeAE of Vehumet (D:12)
  2 entropy weavers
  An ettin (D:14)
  The ghost of Hohigh the Fighter, a journeyman MiBe of Trog (Lair:2)
  Harold (Lair:1)
  7 hydras
  A boulder beetle (Lair:2)
  An ice dragon (Lair:4)
  Fannar (Lair:1)
  4 centaur warriors
  A rakshasa (Lair:2)
  7 catoblepae
  8 two-headed ogres
  An ogre mage (D:15)
  A death knight (D:14)
  2 tengu warriors
  14 death yaks
  3 orc high priests (Orc:1)
  Nergalle (Lair:2)
  Sonja (Lair:5)
  A fire crab (D:14)
  A wretched star (Lair:2)
  A glowing orange brain (D:15)
  3 unseen horrors
  A lindwurm (Lair:3)
  15 wolf spiders
  10 ugly things
  A deep elf mage (D:12)
  6 orc knights
  10 orb spiders
  4 cyclopes
  A faun (shapeshifter) (D:14)
  13 slime creatures (D:15)
  8 orc sorcerers
  4 manticores
  26 elephants
  Psyche (D:9)
  8 black mambas
  13 cane toads
  2 gargoyles
  4 torpor snails
  6 rime drakes
  Maggie (Lair:1)
  8 komodo dragons
  4 demonic crawlers
  4 kobold demonologists (D:12)
  2 freezing wraiths
  A yaktaur (shapeshifter) (D:15)
  10 trolls
  26 jumping spiders
  A queen bee (shapeshifter) (D:15)
  5 hornets
  A hornet (shapeshifter) (D:15)
  27 polar bears
  Grinder (D:4)
  8 blink frogs
  Prince Ribbit (D:5)
  A meliai zombie (D:13)
  10 dream sheep
  2 raiju (shapeshifter)
  2 centaur simulacra (D:14)
  Sigmund (D:5)
  51 redbacks
  3 wraiths
  A yak (shapeshifter) (D:15)
  A spriggan (Lair:2)
  16 tarantellas
  3 shadows
  A water elemental (D:11)
  A hog (shapeshifter) (D:15)
  3 wyverns
  96 yaks
  11 basilisks
  A chaos spawn (Lair:2)
  A vampire mosquito (D:14)
  2 wargs
  An acid dragon (D:15)
  12 water moccasins
  Duvessa (D:5)
  13 ice beasts
  A swamp drake (D:8)
  A hornet zombie (D:13)
  51 orc warriors
  4 necrophages (D:12)
  A sky beast (D:14)
  12 black bears
  An eye of draining (D:14)
  9 ogres
  14 wolves
  5 phantoms
  16 centaurs
  8 big kobolds
  14 bullfrogs
  2 gnoll sergeants
  Dowan (D:5)
  A hornet simulacrum (D:14)
  A water moccasin skeleton (D:10)
  4 scorpions
  24 killer bees
  19 wights
  2 electric eels (D:11)
  4 howler monkeys
  6 bullfrog zombies
  5 jellies
  A bullfrog skeleton (D:6)
  3 centaur zombies
  3 hounds
  31 orc priests
  5 centaur skeletons
  3 iguanas
  Ijyb (D:5)
  Natasha (thrice) (D:3)
  36 orc wizards
  4 hell rats (Lair:4)
  10 worker ants
  3 killer bee zombies
  A mummy (D:12)
  A hound skeleton (D:5)
  A worker ant zombie (D:10)
  8 gnolls
  15 adders
  2 shadow imps
  6 white imps
  2 ufetubi
  An ooze (D:1)
  An adder skeleton (D:5)
  3 worms
  2 dart slugs
  10 leopard geckos
  96 orcs
  4 giant cockroaches
  4 goblins
  4 hobgoblins
  9 jackals
  5 quokkas
  3 ball pythons
  8 bats
  2 frilled lizards
  A jackal skeleton (D:5)
  11 kobolds
  A leopard gecko skeleton (D:5)
  A quokka zombie (D:6)
  6 rats
1059 creatures vanquished.

Vanquished Creatures (collateral kills)
  An elephant (Lair:4)
1 creature vanquished.

Vanquished Creatures (others)
  A polar bear (IceCv)
  A vampire (D:13)
  A wolf (IceCv)
  A scorpion (D:13)
  2 orc wizards
  An orc (Orc:2)
  74 fungi
  98 plants
179 creatures vanquished.

Grand Total: 1239 creatures vanquished

Notes
Turn   | Place    | Note
-------+----------+-------------------------------------------
     0 | D:1      | Froggeryz the Gnoll Gladiator began the quest for the Orb.
     0 | D:1      | Reached XP level 1. HP: 20/20 MP: 1/1
   120 | D:1      | You fall into a shaft and drop 1 floor!
   127 | D:2      | Reached XP level 2. HP: 26/26 MP: 2/2
   195 | D:2      | Found an iron altar of Okawaru.
   691 | D:1      | Found an iron altar of Okawaru.
   707 | D:1      | Became a worshipper of Warmaster Okawaru
   742 | D:1      | Reached XP level 3. HP: 27/31 MP: 3/3
  1069 | D:2      | Reached skill level 1 in Invocations
  1451 | D:2      | Reached skill level 1 in Short Blades
  1451 | D:2      | Reached skill level 1 in Long Blades
  1451 | D:2      | Reached skill level 1 in Axes
  1451 | D:2      | Reached skill level 1 in Polearms
  1451 | D:2      | Reached skill level 1 in Staves
  1451 | D:2      | Reached skill level 1 in Slings
  1451 | D:2      | Reached skill level 1 in Bows
  1451 | D:2      | Reached skill level 1 in Crossbows
  1451 | D:2      | Reached skill level 1 in Armour
  1451 | D:2      | Reached skill level 1 in Stealth
  1451 | D:2      | Reached skill level 1 in Shields
  1451 | D:2      | Reached skill level 1 in Unarmed Combat
  1451 | D:2      | Reached skill level 1 in Spellcasting
  1451 | D:2      | Reached skill level 1 in Evocations
  1555 | D:3      | Reached XP level 4. HP: 38/38 MP: 5/5
  1616 | D:3      | Noticed Natasha
  1627 | D:3      | Killed Natasha
  1783 | D:3      | Reached skill level 1 in Conjurations
  1783 | D:3      | Reached skill level 1 in Hexes
  1783 | D:3      | Reached skill level 1 in Summonings
  1783 | D:3      | Reached skill level 1 in Necromancy
  1783 | D:3      | Reached skill level 1 in Translocations
  1783 | D:3      | Reached skill level 1 in Transmutations
  1783 | D:3      | Reached skill level 1 in Fire Magic
  1783 | D:3      | Reached skill level 1 in Ice Magic
  1783 | D:3      | Reached skill level 1 in Air Magic
  1783 | D:3      | Reached skill level 1 in Earth Magic
  1783 | D:3      | Reached skill level 1 in Poison Magic
  1841 | D:3      | Noticed Natasha
  1861 | D:3      | Killed Natasha
  1862 | D:3      | Reached XP level 5. HP: 5/43 MP: 5/7
  2034 | D:3      | Noticed Natasha
  2041 | D:3      | Killed Natasha
  2639 | D:4      | Noticed an ogre
  2639 | D:4      | Noticed a phantom
  2645 | D:4      | Killed an ogre
  2646 | D:4      | Reached XP level 6. HP: 47/50 MP: 8/8
  2670 | D:4      | Killed a phantom
  2670 | D:4      | Reached * piety under Okawaru
  2671 | D:4      | Reached skill level 5 in Fighting
  2671 | D:4      | Reached skill level 5 in Throwing
  2801 | D:4      | Found Qeub Lossu's Book Shoppe.
  2945 | D:4      | Noticed Grinder
  2959 | D:4      | Paralysed by Grinder for 3 turns
  2962 | D:4      | Killed Grinder
  2963 | D:4      | Reached XP level 7. HP: 49/56 MP: 10/10
  3632 | D:4      | Got a scorched war axe
  3633 | D:4      | Identified the cursed +2 war axe of Desperation {vorpal,
                  | rPois Dex+4} (You found it on level 4 of the Dungeon)
  3642 | D:4      | Found a shadowy altar of Dithmenos.
  3786 | D:5      | Entered Level 5 of the Dungeon
  3800 | D:5      | Reached ** piety under Okawaru
  3801 | D:5      | Reached XP level 8. HP: 52/63 MP: 12/12
  4233 | D:5      | Noticed Sigmund
  4244 | D:5      | Killed Sigmund
  4486 | D:5      | Noticed Ijyb
  4492 | D:5      | Killed Ijyb
  4539 | D:5      | Found a staircase to the Ecumenical Temple.
  4784 | D:5      | Noticed Prince Ribbit
  4796 | D:5      | Killed Prince Ribbit
  5046 | D:5      | Noticed Duvessa
  5048 | D:5      | Noticed Dowan
  5053 | D:5      | Killed Duvessa
  5054 | D:5      | Reached XP level 9. HP: 49/69 MP: 11/14
  5058 | D:5      | Killed Dowan
  5258 | D:5      | Reached *** piety under Okawaru
  5878 | D:6      | Found a bloodstained altar of Trog.
  6225 | D:6      | Found a hide-covered altar of Uskayaw.
  6292 | D:6      | Found a stormy altar of Qazlal.
  6380 | D:6      | Found a burning altar of Makhleb.
  6479 | D:6      | Found a white marble altar of Elyvilon.
  6828 | D:6      | Found an ancient bone altar of Kikubaaqudgha.
  6872 | D:6      | Reached skill level 5 in Invocations
  7174 | D:6      | Reached **** piety under Okawaru
  7604 | D:7      | Reached XP level 10. HP: 65/77 MP: 17/17
  7896 | D:7      | Found Siolan's General Store.
  7915 | D:7      | Reached skill level 5 in Short Blades
  7915 | D:7      | Reached skill level 5 in Long Blades
  7915 | D:7      | Reached skill level 5 in Axes
  7915 | D:7      | Reached skill level 5 in Polearms
  7915 | D:7      | Reached skill level 5 in Staves
  7915 | D:7      | Reached skill level 5 in Slings
  7915 | D:7      | Reached skill level 5 in Bows
  7915 | D:7      | Reached skill level 5 in Crossbows
  7915 | D:7      | Reached skill level 5 in Armour
  7915 | D:7      | Reached skill level 5 in Stealth
  7915 | D:7      | Reached skill level 5 in Shields
  7915 | D:7      | Reached skill level 5 in Unarmed Combat
  7915 | D:7      | Reached skill level 5 in Spellcasting
  7915 | D:7      | Reached skill level 5 in Evocations
  7929 | D:7      | Bought a potion of berserk rage for 70 gold pieces
  7929 | D:7      | Bought a scroll of identify for 28 gold pieces
  7929 | D:7      | Bought 5 javelins for 56 gold pieces
  8913 | D:8      | Found a staircase to the Lair.
  8945 | Lair:1   | Entered Level 1 of the Lair of Beasts
  8951 | Lair:1   | Noticed a cane toad
  8957 | Lair:1   | Killed a cane toad
  8957 | Lair:1   | Reached ***** piety under Okawaru
  9104 | Lair:1   | Noticed Fannar
  9165 | Lair:1   | Noticed a cane toad
  9171 | Lair:1   | Killed a cane toad
  9171 | Lair:1   | Received a gift from Okawaru
  9204 | Lair:1   | Noticed Maggie
  9215 | Lair:1   | Killed Maggie
  9412 | Lair:1   | Noticed Harold
  9434 | Lair:1   | Killed Harold
  9434 | Lair:1   | Received a gift from Okawaru
  9756 | Lair:1   | Reached XP level 11. HP: 84/84 MP: 19/19
  9958 | Lair:1   | Reached skill level 5 in Conjurations
  9958 | Lair:1   | Reached skill level 5 in Hexes
  9958 | Lair:1   | Reached skill level 5 in Summonings
  9958 | Lair:1   | Reached skill level 5 in Necromancy
  9958 | Lair:1   | Reached skill level 5 in Translocations
  9958 | Lair:1   | Reached skill level 5 in Transmutations
  9958 | Lair:1   | Reached skill level 5 in Fire Magic
  9958 | Lair:1   | Reached skill level 5 in Ice Magic
  9958 | Lair:1   | Reached skill level 5 in Air Magic
  9958 | Lair:1   | Reached skill level 5 in Earth Magic
  9958 | Lair:1   | Reached skill level 5 in Poison Magic
 10468 | Lair:2   | Received a gift from Okawaru
 10475 | Lair:2   | Got a fading great mace {god gift}
 10476 | Lair:2   | Identified the +1 great mace "Inkinelo" {drain, +Rage rPois
                  | Will+ Dex-5} (Okawaru gifted it to you on level 2 of the
                  | Lair of Beasts)
 10522 | Lair:2   | Noticed a four-headed hydra
 10529 | Lair:2   | Noticed Nergalle
 10530 | Lair:2   | Killed a four-headed hydra
 10539 | Lair:2   | Killed Nergalle
 10602 | Lair:2   | Reached ****** piety under Okawaru
 10642 | Lair:2   | Received a gift from Okawaru
 11007 | Lair:2   | Noticed a rakshasa
 11007 | Lair:2   | Identified the +5 demon trident "Starlight" {distort, +Fly
                  | Will+}
 11007 | Lair:2   | Noticed a spriggan rider
 11009 | Lair:2   | Noticed a wretched star
 11015 | Lair:2   | Found a transporter.
 11015 | Lair:2   | Found a transporter.
 11046 | Lair:2   | Noticed a red ugly thing
 11047 | Lair:2   | Noticed Hohigh's ghost (journeyman MiBe)
 11055 | Lair:2   | Found a staircase to the Shoals.
 11796 | Lair:2   | Found a hole to the Spider Nest.
 12164 | Lair:1   | Killed Fannar
 12165 | Lair:1   | Reached XP level 12. HP: 94/94 MP: 20/22
 13161 | Lair:2   | Found a one-way gate to the infinite horrors of the Abyss.
 13795 | Lair:3   | Received a gift from Okawaru
 13864 | Lair:3   | Noticed a four-headed hydra
 13873 | Lair:3   | Killed a four-headed hydra
 13873 | Lair:3   | Received a gift from Okawaru
 13874 | Lair:3   | Reached skill level 10 in Maces & Flails
 13874 | Lair:3   | Reached skill level 10 in Dodging
 14681 | Lair:3   | Noticed an eight-headed hydra
 14688 | Lair:3   | Killed an eight-headed hydra
 15614 | Lair:4   | Reached XP level 13. HP: 98/100 MP: 24/24
 15691 | Lair:4   | Received a gift from Okawaru
 16119 | Lair:4   | Noticed an ice dragon
 16130 | Lair:4   | Killed an ice dragon
 16298 | Lair:4   | Received a gift from Okawaru
 17493 | Lair:5   | Noticed Sonja
 17496 | Lair:5   | Killed Sonja
 18230 | D:7      | Bought an uncursed amulet of regeneration for 420 gold
                  | pieces
 19164 | Lair:6   | Entered Level 6 of the Lair of Beasts
 19891 | Lair:6   | Reached XP level 14. HP: 58/109 MP: 26/26
 19902 | Lair:6   | Received a gift from Okawaru
 19916 | Lair:6   | Reached skill level 10 in Fighting
 19916 | Lair:6   | Reached skill level 10 in Throwing
 20650 | Lair:6   | Reached skill level 10 in Invocations
 20758 | Lair:6   | Found a staircase to the Slime Pits.
 21123 | Lair:6   | Received a gift from Okawaru
 21127 | Lair:6   | Got an ichor-stained hat {god gift}
 21138 | Lair:6   | Identified the +0 hat "Ojud" {rC++ SInv} (Okawaru gifted it
                  | to you on level 6 of the Lair of Beasts)
 22173 | D:9      | Reached XP level 15. HP: 94/117 MP: 28/28
 22362 | D:9      | Noticed Psyche
 22367 | D:9      | Killed Psyche
 22701 | D:9      | Got a vibrating golden ring
 22934 | D:10     | Entered Level 10 of the Dungeon
 22934 | D:10     | Found a staircase to the Orcish Mines.
 23401 | D:10     | Found Molaru's Jewellery Boutique.
 23533 | D:10     | Identified the ring of Tatemai {rC++ Will+ Str-4 Int+4}
                  | (You found it on level 9 of the Dungeon)
 23831 | Orc:1    | Entered Level 1 of the Orcish Mines
 23980 | Orc:1    | HP: 3/113 [sun demon[an orc sorcerer] (19)]
 23988 | Orc:1    | HP: 4/115 [orc priest/divine providence[an orc warlord]
                  | (15)]
 24217 | Orc:1    | Noticed an orc warlord
 24258 | D:10     | Killed an orc warlord
 24614 | Orc:1    | Received a gift from Okawaru
 24615 | Orc:1    | Reached skill level 10 in Short Blades
 24615 | Orc:1    | Reached skill level 10 in Long Blades
 24615 | Orc:1    | Reached skill level 10 in Axes
 24615 | Orc:1    | Reached skill level 10 in Polearms
 24615 | Orc:1    | Reached skill level 10 in Staves
 24615 | Orc:1    | Reached skill level 10 in Slings
 24615 | Orc:1    | Reached skill level 10 in Bows
 24615 | Orc:1    | Reached skill level 10 in Crossbows
 24615 | Orc:1    | Reached skill level 10 in Armour
 24615 | Orc:1    | Reached skill level 10 in Stealth
 24615 | Orc:1    | Reached skill level 10 in Shields
 24615 | Orc:1    | Reached skill level 10 in Unarmed Combat
 24615 | Orc:1    | Reached skill level 10 in Spellcasting
 24615 | Orc:1    | Reached skill level 10 in Evocations
 24617 | Orc:1    | Got a transparent hat {god gift}
 24633 | Orc:1    | Identified the +1 hat of Spite {Harm *Drain rF+ Str+3}
                  | (Okawaru gifted it to you on level 1 of the Orcish Mines)
 24707 | Orc:2    | Entered Level 2 of the Orcish Mines
 25280 | Orc:2    | Noticed an orc warlord
 26141 | Orc:1    | Killed an orc warlord
 26936 | Orc:2    | Found a roughly hewn altar of Beogh.
 26957 | Orc:2    | Found a staircase to the Elven Halls.
 27238 | Orc:2    | Found Orasaer's General Store.
 27239 | Orc:2    | Found Faanycaw's Jewellery Shop.
 27240 | Orc:2    | Found Qiaranliyr's Antique Armour Shop.
 27240 | Orc:2    | Found Ideyplil's Antique Weapon Boutique.
 27264 | Orc:2    | Bought the +1 cloak of Starlight {*Dazzle EV+4 Stlth--} for
                  | 1006 gold pieces
 27264 | Orc:2    | Found the +1 cloak of Starlight {*Dazzle EV+4 Stlth--}
 27265 | Orc:2    | Bought a translucent morningstar for 225 gold pieces
 27265 | Orc:2    | Identified the +6 morningstar of Cikhage {speed, *Rage rF+
                  | rN+ Int+2} (You bought it in a shop on level 2 of the
                  | Orcish Mines)
 27476 | Orc:2    | Learned a level 2 spell: Blink
 27728 | Lair:2   | Killed Hohigh's ghost
 27728 | Lair:2   | Received a gift from Okawaru
 27729 | Lair:2   | Identified the Handbook of Envenoming
 28353 | D:11     | Paralysed by a hornet for 3 turns
 28430 | D:11     | Received a gift from Okawaru
 28834 | D:12     | Reached XP level 16. HP: 125/125 MP: 30/30
 28994 | D:12     | Found a runed translucent gate.
 28994 | D:12     | Found a runed translucent gate.
 29009 | D:12     | Found a runed translucent gate.
 29260 | D:12     | Found a shadowy altar of Dithmenos.
 29356 | D:12     | Identified the +1 dagger "Jyvin" {drain, rN+}
 29357 | D:12     | Noticed rayg00n's ghost (journeyman TeAE)
 29358 | D:12     | Identified the +10 dagger "Mevvemah" {drain, rElec Str+7}
 29387 | D:12     | Killed rayg00n's ghost
 29426 | D:12     | Identified the +6 lajatang of Sippe {speed, rF+ Will+ Dex+4
                  | Stlth-} (You found it on level 12 of the Dungeon)
 29879 | D:13     | Received a gift from Okawaru
 29883 | D:13     | Found Tyni's Gadget Emporium.
 30853 | D:14     | Found a gate to the Vaults.
 31543 | D:14     | Noticed a tengu reaver
 31565 | D:14     | Killed a tengu reaver
 31635 | D:14     | Received a gift from Okawaru
 31657 | D:14     | Got a brightly glowing scale mail
 31668 | D:14     | Identified the +1 scale mail of Qampuem {*Drain +Fly Str+3
                  | Int+2} (You found it on level 14 of the Dungeon)
 31895 | D:15     | Entered Level 15 of the Dungeon
 31906 | D:15     | Found a frozen archway.
 31938 | D:15     | Received a gift from Okawaru
 31947 | IceCv    | Entered an ice cave
 32037 | IceCv    | Got a twitching lapis lazuli ring
 32039 | IceCv    | Identified the ring of Temptation {rF+ Dex+4 Stlth+} (You
                  | found it in an ice cave)
 32196 | IceCv    | Received a gift from Okawaru
 32389 | IceCv    | Identified the +1 long sword of Qyddots {vorpal, Str+5
                  | Int-4 Stlth+} (You found it in an ice cave)
 32899 | D:15     | Reached XP level 17. HP: 133/133 MP: 32/32
 32928 | D:15     | Found Jeser's Magic Scroll Shop.
 32936 | D:15     | Bought a scroll of teleportation for 51 gold pieces
 32936 | D:15     | Bought a scroll of enchant weapon for 127 gold pieces
 32936 | D:15     | Bought a scroll of enchant weapon for 127 gold pieces
 32936 | D:15     | Bought a scroll of blinking for 127 gold pieces
 32936 | D:15     | Bought a scroll of fog for 34 gold pieces
 33870 | D:15     | Found a staircase to the Depths.
 34127 | Spider:1 | Entered Level 1 of the Spider Nest
 34342 | Lair:2   | Received a gift from Okawaru
 35196 | Spider:1 | Received a gift from Okawaru
 35291 | Spider:1 | Reached skill level 10 in Conjurations
 35291 | Spider:1 | Reached skill level 10 in Hexes
 35291 | Spider:1 | Reached skill level 10 in Summonings
 35291 | Spider:1 | Reached skill level 10 in Necromancy
 35291 | Spider:1 | Reached skill level 10 in Translocations
 35291 | Spider:1 | Reached skill level 10 in Transmutations
 35291 | Spider:1 | Reached skill level 10 in Fire Magic
 35291 | Spider:1 | Reached skill level 10 in Ice Magic
 35291 | Spider:1 | Reached skill level 10 in Air Magic
 35291 | Spider:1 | Reached skill level 10 in Earth Magic
 35291 | Spider:1 | Reached skill level 10 in Poison Magic
 36880 | Spider:2 | Paralysed by a hornet for 3 turns
 36934 | Spider:2 | Reached XP level 18. HP: 127/142 MP: 33/33
 36963 | Spider:2 | Noticed Arachne
 36966 | Spider:2 | Mangled by a boulder beetle

Illustrated notes

Levels and vault maps discovered:
D:1:      dpeg_arrival_arbitrary_c, layout_rooms, okawaru_ov_weapons_minmay
D:2:      layout_basic, general_overflow_altar, minmay_misc_feat_hallway
D:3:      layout_loops_ring, uniq_natasha
D:4:      layout_rooms, lemuel_doored_altar, serial_shops, nicolae_shop_crystal,
          lightli_minifort, uniq_grinder
D:5:      layout_layer_cave, temple_statues, uniq_prince_ribbit1, uniq_ijyb,
          uniq_duvessa, uniq_sigmund
D:6:      layout_loops_ring, nicolae_overflow_hidden_temple,
          trog_ov_bears_minmay, eat_drink_and_be_merry_uskayaw,
          overflow_temple_1_default, basic_altar,
          nicolae_qazlal_style_of_elements
D:7:      layout_rooms, serial_shops, shop
D:8:      layout_rooms, erik_lair_dragon
D:9:      layout_cave_pods, uniq_psyche
D:10:     layout_basic, orc_0_dummy, serial_shops, shop
D:11:     layout_rooms, serial_bayou, serial_bayou_pond_d, serial_bayou_pond_a,
          serial_bayou_pond_e, serial_bayou_ford_a
D:12:     layout_long_grid, gammafunk_ghost_nasty_kobolds, serial_undead,
          serial_undead_a, serial_undead_d, serial_undead_c, serial_undead_c,
          serial_undead_a, grunt_dithmenos_smoke_and_mirrors
D:13:     layout_basic, serial_shops, shop
D:14:     minmay_sliced_demisemicircle, layout_gridville,
          skrybe_vaults_entry_preservation, hangedman_decor_slide_cut
D:15:     gammafunk_enter_depths_forms, layout_rooms, hangedman_decor_growths,
          serial_shops, shop, portal_ice_cave_entry_ice_beasts,
          hangedman_decor_points, minmay_increasing_density
Lair:1:   layout_hall_layers, uniq_fannar, uniq_maggie, uniq_harold
Lair:2:   minmay_lair_venomous_thicket, layout_regular_city, shoals_dummy_entry,
          spider_nest_entry_webs, gammafunk_ghost_abyssal_escape, uniq_nergalle
Lair:3:   beast_lair_carwin_large_4, layout_small_grid,
          kennysheep_basilisk_garden
Lair:4:   layout_regular_city, bobbens_ice_dragon_lair
Lair:5:   layout_regular_city, serial_bayou_shore_a, uniq_sonja
Lair:6:   evilmike_catoblepas_cave, layout_long_grid, slime_dummy
Spider:1: layout_spider_delve
Spider:2: layout_spider_delve, nicolae_arachne_temple
Orc:1:    layout_caves
Orc:2:    st_orc_congregation, layout_caves, mines1_david

Skill      XL: |  1  2  3  4  5  6  7  8  9 10 11 12 13 14 15 16 17 |
---------------+----------------------------------------------------+-----
Invocations    | 1 2 3 4 5 6 7 8 9 10 11 12 | 12.8
Short Blades   | 1 2 3 4 5 6 7 8 9 10 11 | 11.9
Long Blades    | 1 2 3 4 5 6 7 8 9 10 11 | 11.9
Axes           | 1 2 3 4 5 6 7 8 9 10 11 | 11.9
Polearms       | 1 2 3 4 5 6 7 8 9 10 11 | 11.9
Staves         | 1 2 3 4 5 6 7 8 9 10 11 | 11.9
Slings         | 1 2 3 4 5 6 7 8 9 10 11 | 11.9
Bows           | 1 2 3 4 5 6 7 8 9 10 11 | 11.9
Crossbows      | 1 2 3 4 5 6 7 8 9 10 11 | 11.9
Armour         | 1 2 3 4 5 6 7 8 9 10 11 | 11.9
Stealth        | 1 2 3 4 5 6 7 8 9 10 11 | 11.9
Shields        | 1 2 3 4 5 6 7 8 9 10 11 | 11.9
Unarmed Combat | 1 2 3 4 5 6 7 8 9 10 11 | 11.9
Spellcasting   | 1 2 3 4 5 6 7 8 9 10 11 | 11.9
Evocations     | 1 2 3 4 5 6 7 8 9 10 11 | 11.9
Conjurations   | 1 2 3 4 5 6 7 8 9 10 | 10.1
Hexes          | 1 2 3 4 5 6 7 8 9 10 | 10.1
Summonings     | 1 2 3 4 5 6 7 8 9 10 | 10.1
Necromancy     | 1 2 3 4 5 6 7 8 9 10 | 10.1
Translocations | 1 2 3 4 5 6 7 8 9 10 | 10.1
Transmutations | 1 2 3 4 5 6 7 8 9 10 | 10.1
Fire Magic     | 1 2 3 4 5 6 7 8 9 10 | 10.1
Ice Magic      | 1 2 3 4 5 6 7 8 9 10 | 10.1
Air Magic      | 1 2 3 4 5 6 7 8 9 10 | 10.1
Earth Magic    | 1 2 3 4 5 6 7 8 9 10 | 10.1
Poison Magic   | 1 2 3 4 5 6 7 8 9 10 | 10.1
Fighting       | 5 6 7 8 9 10 11 12 | 12.6
Throwing       | 5 6 7 8 9 10 11 12 | 12.6
Maces & Flails | 7 8 9 10 11 12 13 | 13.3
Dodging        | 7 8 9 10 11 12 13 | 13.3

Action                   |  1- 3 |  4- 6 |  7- 9 | 10-12 | 13-15 | 16-18 || total
-------------------------+-------+-------+-------+-------+-------+-------++-------
Melee: Flail             |   108 |   130 |    49 |       |       |       ||   287
       Bite              |    12 |    14 |    42 |    81 |   267 |   208 ||   624
       War axe           |       |       |   188 |       |   330 |       ||   518
       Punch             |       |       |    14 |    28 |    49 |       ||    91
       Mace              |       |       |    52 |   455 |   330 |       ||   837
       Morningstar       |       |       |       |       |   641 |   104 ||   745
       Lajatang          |       |       |       |       |       |  1146 ||  1146
Throw: Throwing net      |       |     3 |       |     2 |     3 |       ||     8
       Javelin           |       |       |       |    43 |    62 |    36 ||   141
       Dart              |       |       |       |       |    12 |       ||    12
Invok: Heroism           |       |       |     2 |     3 |    12 |     1 ||    18
       Finesse           |       |       |       |       |     3 |     1 ||     4
Evoke: Wand              |       |       |     1 |       |    18 |     4 ||    23
  Use: Potion            |     1 |     1 |       |     3 |     5 |       ||    10
       Scroll            |       |       |     8 |     5 |    16 |    10 ||    39
 Stab: Sleeping          |     4 |     1 |     3 |     5 |    16 |     1 ||    30
       Held in net/web   |       |     3 |       |       |       |     3 ||     6
       Distracted        |       |       |       |     1 |     2 |     1 ||     4
       Petrified         |       |       |       |       |    12 |       ||    12
       Petrifying        |       |       |       |       |     3 |       ||     3
       Invisible         |       |       |       |       |    12 |    74 ||    86
Armor: Leather armour    |     6 |       |       |       |       |       ||     6
       Ring mail         |    22 |    26 |    68 |       |       |       ||   116
       Scale mail        |       |       |    14 |   119 |   312 |    13 ||   458
       Chain mail        |       |       |       |       |       |   429 ||   429
Dodge: Dodged            |   100 |   105 |   263 |   380 |  1123 |  1376 ||  3347
Block: Buckler           |       |       |       |       |   283 |    22 ||   305

Table legend: (Time is in decaauts)
 A = Elapsed time spent in this place.
 B = Non-inter-level travel time spent in this place.
 C = Inter-level travel time spent in this place.
 D = Time resting spent in this place.
 E = Time spent auto-exploring this place.
 F = Levels seen in this place.
 G = Mean time per level.
                   A        B        C        D        E       F      G
               +--------+--------+--------+--------+--------+-----+--------+
         Total |  36489 |  34388 |   2101 |   9928 |  17148 |  26 | 1403.4 |
       Dungeon |  16794 |  15688 |   1106 |   2578 |  10125 |  15 | 1119.6 |
          Lair |  13904 |  13052 |    852 |   5600 |   5010 |   6 | 2317.3 |
   Spider Nest |   1928 |   1912 |     16 |    738 |    544 |   2 |  964.0 |
  Orcish Mines |   3289 |   3164 |    125 |    973 |   1154 |   2 | 1644.5 |
      Ice Cave |    572 |    572 |      0 |     39 |    314 |   1 |  572.0 |
               +--------+--------+--------+--------+--------+-----+--------+

Top non-repeatable levels by time:
  Lair:2: 3322 daAuts
  Lair:3: 2374 daAuts
  Lair:4: 2238 daAuts
  Lair:1: 2190 daAuts
   Orc:1: 2109 daAuts
     D:5: 2075 daAuts
  Lair:5: 1980 daAuts
  Lair:6: 1797 daAuts
Spider:1: 1633 daAuts
     D:6: 1499 daAuts
     D:3: 1380 daAuts
    D:10: 1313 daAuts
    D:15: 1281 daAuts
     D:8: 1219 daAuts
   Orc:2: 1180 daAuts
